 Dungeon Crawl Stone Soup version 0.26-a0-830-g2a559e7be2 (webtiles) character file.

Game seed: 14366656295501074445

122 Morbidden the Grave Robber (level 4, -2/32 HPs)
             Began as a Demonspawn Necromancer on Nov 15, 2020.
             Slain by a gnoll
             ... wielding a +0 spear
              (4 damage)
             ... on level 3 of the Dungeon.
             The game lasted 00:03:48 (2774 turns).

Morbidden the Grave Robber (Demonspawn Necromancer) Turns: 2774, Time: 00:03:48

Health: -2/32      AC:  4    Str:  8    XL:     4   Next: 78%
Magic:  2/8        EV: 12    Int: 24    God:
Gold:   84         SH:  0    Dex: 15    Spells: 4/8 levels left

rFire    . . .     SeeInvis .   d - +0 dagger
rCold    . . .     Faith    .   (no shield)
rNeg     . . .     Spirit   .   a - +0 robe
rPois    .         Reflect  .   c - +1 helmet
rElec    .         Harm     .   (no cloak)
rCorr    .         Rampage  .   (no gloves)
MR       +....                  (no boots)
Stlth    +++.......             (no amulet)
HPRegen  0.10/turn              g - +6 ring of intelligence
MPRegen  0.11/turn              h - ring of protection from magic

@: brilliant
A: thin skeletal structure 1, powered by death 1
a: no special abilities


You were on level 3 of the Dungeon.
You visited 1 branch of the dungeon, and saw 3 of its levels.

You collected 84 gold pieces.

Inventory:

Hand Weapons
 d - a +0 dagger (weapon)
Armour
 a - a +0 robe (worn)
 c - a +1 helmet (worn)
Jewellery
 g - a +6 ring of intelligence (left hand)
 h - a ring of protection from magic (right hand)
Scrolls
 f - 2 scrolls of remove curse
Potions
 b - a potion of flight


   Skills:
 * Level 1.0 Fighting
 + Level 0.3 Short Blades
 * Level 1.9 Dodging
 + Level 2.0 Stealth
 * Level 2.7 Spellcasting
 * Level 5.9 Necromancy


You had 4 spell levels left.
You knew the following spells:

 Your Spells              Type           Power        Failure   Level
a - Pain                  Necr           ####         1%          1
b - Vampiric Draining     Necr           #####.....   3%          3

Your spell library contained the following spells:

 Spells                   Type           Power        Failure   Level
 Animate Skeleton         Necr           #####.       1%          1
 Animate Dead             Necr           #####.....   10%         4
 Agony                    Necr           #####...     26%         5


Dungeon Overview and Level Annotations

Branches:
Dungeon (3/15)

Altars:
Kikubaaqudgha

Annotations:
D:3 Grinder


Innate Abilities, Weirdness & Mutations

You have a somewhat thin skeletal structure. (Dex +2, Stealth)
You regenerate a little health from kills.


Message History

Unknown command.
As you read the scroll labelled PUN YMISIEZAZE, it crumbles to dust.
You feel blessed for a moment.
It was a scroll of remove curse.
The rat closely misses you.
Unknown command.
Okay, then.
As you read the scroll labelled MIPROI GABEPOZ, it crumbles to dust.
You assume a fearsome visage.
The rat looks frightened!
It was a scroll of fear.
A gnoll comes into view. It is wielding a +0 spear.
A gnoll comes into view. It is wielding a +0 whip.
The gnoll shouts!
A gnoll comes into view. It is wielding a +0 flail.
A gnoll comes into view.
Grinder zaps a wand.
The puff of flame hits you.
* * * LOW HITPOINT WARNING * * *
The gnoll shouts!
The gnoll completely misses you.
The gnoll hits you from afar with a +0 spear.
You die...

#.........#
.........# . ..
####.......## #. #.#
.......g...# #.##.#
#....g....# #..#..
#...g.....# ##.....
#.....g...# ....#.#
##.....@...#
....#.####.........##
....#...)5.##.....##
....#.#############
........# ........#
...###..# ... #..#
...###5.#


You could see Grinder and 4 gnolls.

Vanquished Creatures
  Natasha (D:3)
  4 adders (D:2)
  An ooze (D:2)
  2 dart slugs
  2 leopard geckos
  3 giant cockroaches
  6 goblins
  5 hobgoblins
  6 jackals
  8 kobolds
  A ball python (D:1)
  6 bats
  A frilled lizard (D:2)
  4 rats
50 creatures vanquished.

Vanquished Creatures (others)
  A human (D:2)
1 creature vanquished.

Grand Total: 51 creatures vanquished

Notes
Turn   | Place    | Note
-------+----------+-------------------------------------------
     0 | D:1      | Morbidden the Demonspawn Necromancer began the quest for
                  | the Orb.
     0 | D:1      | Reached XP level 1. HP: 13/13 MP: 3/3
   396 | D:1      | Gained mutation: You have a somewhat thin skeletal
                  | structure. (Dex +2, Stealth) [demonic ancestry]
   396 | D:1      | Reached XP level 2. HP: 15/20 MP: 1/5
   808 | D:1      | Reached skill level 5 in Necromancy
  1202 | D:1      | Reached XP level 3. HP: 15/25 MP: 0/6
  2207 | D:2      | Gained mutation: You regenerate a little health from kills.
                  | [demonic ancestry]
  2207 | D:2      | Reached XP level 4. HP: 19/31 MP: 1/7
  2211 | D:2      | Learned a level 3 spell: Vampiric Draining
  2427 | D:2      | Found an ancient bone altar of Kikubaaqudgha.
  2430 | D:2      | Noticed a human
  2432 | D:2      | Killed a human
  2722 | D:3      | Noticed Grinder
  2723 | D:3      | Noticed Natasha
  2745 | D:3      | Killed Natasha
  2746 | D:3      | Reached skill level 1 in Fighting
  2771 | D:3      | HP: 1/32 [Grinder/puff of flame (6)]
  2774 | D:3      | Slain by a gnoll

Illustrated notes

Levels and vault maps discovered:
D:1:      heliophobic_arrival_dark_side_of_the_moon, layout_basic
D:2:      layout_loops_ring, tgw_kikubaaqudgha
D:3:      layout_rooms, gammafunk_temple_overflow_wave, uniq_crazy_yiuf_cottage,
          uniq_grinder, uniq_natasha

Skill      XL: |  1  2  3  4 |
---------------+-------------+-----
Necromancy     | 5 |  5.9
Fighting       | 1 |  1.0
Stealth        | 2 |  2.0
Short Blades   | |  0.3
Dodging        | |  1.9
Spellcasting   | |  2.7

Action                   |  1- 3 |  4- 6 || total
-------------------------+-------+-------++-------
Melee: Unarmed           |     2 |       ||     2
       Dagger            |    13 |    55 ||    68
 Cast: Pain              |    73 |       ||    73
       Vampiric Draining |       |     5 ||     5
  Use: Scroll            |     2 |     2 ||     4
       Potion            |       |     4 ||     4
 Stab: Sleeping          |       |     4 ||     4
Armor: Robe              |    23 |    16 ||    39
       Skin              |       |    23 ||    23
Dodge: Dodged            |    32 |    35 ||    67

Table legend: (Time is in decaauts)
 A = Elapsed time spent in this place.
 B = Non-inter-level travel time spent in this place.
 C = Inter-level travel time spent in this place.
 D = Time resting spent in this place.
 E = Time spent auto-exploring this place.
 F = Levels seen in this place.
 G = Mean time per level.
                   A        B        C        D        E       F      G
               +--------+--------+--------+--------+--------+-----+--------+
         Total |   2772 |   2754 |     18 |    343 |   1971 |   3 |  924.0 |
       Dungeon |   2772 |   2754 |     18 |    343 |   1971 |   3 |  924.0 |
               +--------+--------+--------+--------+--------+-----+--------+

Top non-repeatable levels by time:
     D:2: 1466 daAuts
     D:1: 1234 daAuts
     D:3: 70 daAuts
